 Dungeon Crawl Stone Soup version 0.29-a0-410-g9596d59a08 (webtiles) character file.

Game seed: 6604668000184790384

9 Ge0ff the Cudgeller (level 2, -9/19 HPs)
             Began as a Gargoyle Monk on May 14, 2022.
             Was a Believer of the Shining One.
             Killed by divine providence
             ... invoked by an orc priest
              (12 damage)
             ... on level 4 of the Dungeon.
             The game lasted 00:01:19 (488 turns).

Ge0ff the Cudgeller (Gargoyle Monk)                  Turns: 488, Time: 00:01:20

Health: -9/19      AC:  4    Str: 14    XL:     2   Next: 16%
Magic:  2/2        EV: 12    Int: 10    God:    the Shining One [**....]
Gold:   15         SH:  3    Dex: 12    Spells: 1/1 levels left

rFire   . . .      SeeInvis .   a - +0 mace
rCold   . . .      Faith    .   p - +0 buckler
rNeg    + + .      Spirit   .   b - +0 robe
rPois   ∞          Reflect  .   (no helmet)
rElec   +          Harm     .   (no cloak)
rCorr   .          Rampage  .   (no gloves)
Will    .....                   (no boots)
Stlth   +.........              (no amulet)
HPRegen 0.06/turn               (no ring)
MPRegen 0.08/turn               (no ring)

@: glowing
A: sickness immunity, AC +2, negative energy resistance 1, electricity
resistance, torment resistance 1, petrification resistance
a: Renounce Religion, Divine Shield


You were on level 4 of the Dungeon.
You worshipped the Shining One.
The Shining One was pleased with you.
You visited 1 branch of the dungeon, and saw 4 of its levels.

You collected 15 gold pieces.

Inventory:

Hand Weapons
 a - a +0 mace (weapon)
Armour
 b - a +0 robe (worn)
 p - a +0 buckler (worn)
 q - a +0 chain mail
Scrolls
 r - a scroll of magic mapping {unknown}
Potions
 o - a potion of ambrosia


   Skills:
 - Level 3.2 Fighting
 + Level 3.5 Maces & Flails
 - Level 2.4 Dodging
 - Level 2.1 Stealth
 + Level 0.3 Shields


You had one spell level left.
You didn't know any spells.
Your spell library was empty.

Dungeon Overview and Level Annotations

Branches:
Dungeon (4/15)
 Temple: D:4-7

Altars:
The Shining One


Innate Abilities, Weirdness & Mutations

You are immune to sickness and miasma.
Your stone body is resilient. (AC +2)
You are immune to poison.
You resist negative energy. (rN+)
You are resistant to electric shocks. (rElec)
You are resistant to unholy torment.
You are immune to petrification.


Message History

The endoplasm attacks as you move away!
The endoplasm hits you but does no damage.
You open the door. The ball python closely misses you.
The ball python barely misses you. You block the endoplasm's attack.
Found a stone staircase leading down.
The ball python attacks as you move away!
The ball python bites you. You block the ball python's attack.
The ball python closely misses you. The ball python barely misses you.
There is an open door here. 2 quokkas come into view.
There is a stone staircase leading down here.
The ball python bites you. The ball python completely misses you.
You climb downwards.
Found two daggers, a longbow and a red potion.
Found a stone staircase leading down.
There is a stone staircase leading up here.
The ball python attacks as you move away!
You block the ball python's attack. The ball python barely misses you.
Found a brown potion.
Found a stone staircase leading up.
The ball python bites you but does no damage.
The ball python closely misses you.
The ball python attacks as you move away!
The ball python bites you but does no damage.
The ball python completely misses you. The hobgoblin barely misses you.
The hobgoblin attacks as you move away! You block the hobgoblin's attack.
The ball python attacks as you move away!
The ball python barely misses you. The ball python closely misses you.
The hobgoblin attacks as you move away! The hobgoblin barely misses you.
The ball python attacks as you move away!
The ball python bites you.
* * * LOW HITPOINT WARNING * * *
The ball python barely misses you. The ball python misses you.
The ball python closely misses you.
There is a stone staircase leading down here.
You block the ball python's attack. The ball python closely misses you.
The hobgoblin hits you but does no damage.
You climb downwards.
The orc shouts!
Found a scale mail.
There is a stone staircase leading up here.
The hobgoblin hits you.
* * * LOW HITPOINT WARNING * * *
The goblin attacks as you move away! The goblin hits you but does no damage.
An orc and an orc priest come into view.
The orc priest is wielding a +2 vorpal hand axe.
The orc shouts!
The orc priest shouts!
The orc priest calls down the wrath of Beogh upon you.
Beogh smites you!
Ouch! That really hurt!
You die...

.# .# ###. ###
#... ...
#..##.##
#..#...##
o######g.<....##
o..o...S.g.....#
######@......##
#..#...##
#.[##.## #..#
... #... ....
##.###.### #.#
.#


You could see an orc priest, 2 orcs, a hobgoblin, a goblin and a ball python.

Vanquished Creatures
  3 bats (D:1)
  A jackal (D:1)
  A quokka (D:1)
  A ball python (D:1)
  3 rats (D:1)
9 creatures vanquished.

Notes
Turn   | Place    | Note
-------+----------+-------------------------------------------
     0 | D:1      | Ge0ff the Gargoyle Monk began the quest for the Orb.
     0 | D:1      | Reached XP level 1. HP: 14/14 MP: 1/1
   396 | D:1      | Reached XP level 2. HP: 17/19 MP: 2/2
   417 | D:1      | Found a faded altar of an unknown god.
   420 | D:1      | Prayed at the altar of an unknown god.
   420 | D:1      | Became a worshipper of the Shining One
   420 | D:1      | Reached * piety under the Shining One
   420 | D:1      | Reached ** piety under the Shining One
   457 | D:1      | You fall into a shaft and drop 1 floor!
   488 | D:4      | Killed from afar by an orc priest

Illustrated notes

Levels and vault maps discovered:
D:1:      scummos_arrival_simple_fountains, layout_rooms,
          hellmonk_ecumenical_altar_inner_sanctum, interstate_on_off
D:2:      layout_basic, serial_undead, serial_undead_f, serial_undead_f,
          serial_undead_c, serial_undead_a, minmay_misc_feat_x,
          dreamdust_princess_corridor, serial_bayou_lake_a
D:3:      layout_basic, hex_tiny, uniq_grinder
D:4:      layout_loops_ring

Action                   || total
-------------------------++-------
Melee: Mace              ||    37
Armor: Robe              ||    31
Dodge: Dodged            ||    60
Block: Buckler           ||    14

Table legend: (Time is in decaauts)
 A = Elapsed time spent in this place.
 B = Non-inter-level travel time spent in this place.
 C = Inter-level travel time spent in this place.
 D = Time resting spent in this place.
 E = Time spent auto-exploring this place.
 F = Levels seen in this place.
 G = Mean time per level.
                   A        B        C        D        E       F      G
               +--------+--------+--------+--------+--------+-----+--------+
         Total |    498 |    498 |      0 |    284 |      0 |   4 |  124.5 |
       Dungeon |    498 |    498 |      0 |    284 |      0 |   4 |  124.5 |
               +--------+--------+--------+--------+--------+-----+--------+

Top non-repeatable levels by time:
     D:1: 467 daAuts
     D:2: 19 daAuts
     D:3: 8 daAuts
     D:4: 1 daAuts
